 Dungeon Sprint DCSS version 0.24.0-1-gfbc8707 (webtiles) character file.

Game seed: 86749284022990508, levelgen mode: deterministic

7400000 Fang the Conqueror (level 27, -7/266 HPs)
             Began as a Demonspawn Gladiator on Nov 1, 2019.
             Was the Champion of Makhleb.
             Mangled by The Servant
             ... wielding a +9 glaive of flaming
              (131 damage)
             ... in the Dungeon (Sprint VIII: "Arena of Blood").
             The game lasted 00:01:27 (74 turns).

Fang the Conqueror (Demonspawn Gladiator)             Turns: 74, Time: 00:01:27

Health: -7/266     AC: 11    Str: 26    XL:     27
Magic:  30/54      EV: 32    Int: 10    God:    Makhleb [******]
Gold:   0          SH:  0    Dex: 16    Spells: 80/80 levels left

rFire    + . .     SeeInvis .   l - +∞ Axe of Woe
rCold    . . .     Gourm    .   (shield currently unavailable)
rNeg     . . .     Faith    .   b - +0 leather armour
rPois    .         Spirit   .   c - +0 helmet
rElec    .         Reflect  .   (no cloak)
rCorr    .         Harm     .   (no gloves)
MR       ++...     NoTele   +   (boots unavailable)
Stlth    +++++++++.             (no amulet)
HPRegen  0.54/turn              m - +30 ring of slaying
MPRegen  0.34/turn              (no ring)

@: marked
A: hooves 3, rugged brown scales 3, demonic guardian 3, fire resistance 1, hurl
damnation, foul stench 2, rot immunity, flame cloud immunity
a: Hurl Damnation, Minor Destruction, Lesser Servant of Makhleb, Major
Destruction, Greater Servant of Makhleb, Renounce Religion


You were in the Dungeon.
You worshipped Makhleb.
Makhleb was exalted by your worship.
You were not hungry.

You visited 1 branch

Inventory:

Hand Weapons
 a - a +0 war axe
 l - the +∞ Axe of Woe (weapon)
   (You found it in the Dungeon)
Missiles
 d - 3 throwing nets (quivered)
Armour
 b - a +0 leather armour (worn)
 c - a +0 helmet (worn)
Jewellery
 m - a +30 ring of slaying (left hand)
Scrolls
 k - a scroll of blinking
Potions
 e - a potion of curing
 g - a potion of heal wounds
 h - a potion of haste
 i - 2 potions of magic
 j - a potion of berserk rage
Comestibles
 f - a ration


   Skills:
 O Level 27 Fighting
 O Level 27 Axes
 O Level 27 Throwing
 O Level 27 Armour
 O Level 27 Dodging
 O Level 27 Stealth
 O Level 27 Unarmed Combat
 O Level 27 Spellcasting
 O Level 27 Invocations


You had 80 spell levels left.
You didn't know any spells.
Your spell library was empty.

Dungeon Overview and Level Annotations

Branches:
Dungeon (1/1)

Altars:
Makhleb

Annotations:
D The Servant


Innate Abilities, Weirdness & Mutations

You have hooves in place of feet.
You are completely covered in rugged brown scales. (AC +3, +7% HP)
A powerful demonic guardian rushes to your aid.
Your flesh is heat resistant. (rF+)
You can hurl damnation.
You frequently emit foul miasma when damaged in melee.
You are immune to rotting.
You are immune to clouds of flame.


Message History

You destroy the tyrant!
Makhleb accepts your kill.
You feel better.
The large abomination disappears in a puff of smoke! x2
The tentacled monstrosity disappears in a puff of smoke!
The large abomination disappears in a puff of smoke! x2
You hear a shout!
A meat berserker comes into view. It is wielding a +9 battleaxe.
You hear a shout! x4
The tyrant waves its bony arms in wide circles.
The air twists around and strikes you!!!
A bag of meat comes into view. It is wielding a +9 war axe.
A meat berserker comes into view. It is wielding a +9 battleaxe.
The accursed is engulfed in blazing flames.
The accursed gestures at you while chanting.
Something smites you!
You hear a shout! x2
The Servant is engulfed in blazing flames.
The Servant hits you from afar with a +9 glaive of flaming!!!!
You die...

.#....L..._......
.......#...O.#
....§O.#_)<._# o
.....o%#%.)).#2..
#..§..)))_..oo...
...%%.O2)###.o%..o
....###)L).o..###o
... #x))....# .
#@○M....#
..§o§X○X○○....L.
#..§X@.§§§......
..§X.L.X.%......
#.XXDXX..%....X#
...X.#.......%#.
............W.#
....##.#.%.XX.L


You could see an accursed, 4 tentacled monstrosities, 2 meat beasts, 4 tyrants,
The Servant, an eight-headed meat hydra, 9 large abominations, a dread, 3 meat
berserkers, a small abomination and 6 bags of meat.

Vanquished Creatures
  Sigmund (D)
  5 hell beasts (D)
  A greater mummy (D)
  15 vampire knights (D)
  20 ogres (D)
  4 two-headed ogres (D)
  4 liches (D)
  A hydra (D)
  38 orcs (D)
  3 skeletal warriors (D)
  2 large abominations (D)
  6 small abominations (D)
  10 crawling corpses (D)
110 creatures vanquished.

Vanquished Creatures (others)
  A crawling corpse (D)
1 creature vanquished.

Grand Total: 111 creatures vanquished

Notes
Turn   | Place    | Note
-------+----------+-------------------------------------------
     0 | D        | Found the +∞ Axe of Woe
     0 | D        | Fang the Demonspawn Gladiator began the quest for the Orb.
     0 | D        | Reached XP level 1. HP: 16/16 MP: 1/1
     3 | D        | Noticed a bag of meat
     3 | D        | Noticed a bag of meat
     4 | D        | Became a worshipper of Makhleb the Destroyer
     5 | D        | Noticed a bag of meat
     5 | D        | Noticed a meat berserker
     5 | D        | Noticed a bag of meat
     6 | D        | Noticed a meat berserker
     6 | D        | Noticed a bag of meat
     7 | D        | Killed a bag of meat
     7 | D        | Gained mutation: You are partially covered in rugged brown
                  | scales. (AC +1, +3% HP) [demonic ancestry]
     7 | D        | Reached XP level 2. HP: 36/44 MP: 2/2
     7 | D        | Reached XP level 3. HP: 41/50 MP: 3/3
     7 | D        | Gained mutation: A weak demonic guardian rushes to your
                  | aid. [demonic ancestry]
     7 | D        | Reached XP level 4. HP: 47/57 MP: 4/4
     7 | D        | Gained mutation: You are immune to rotting. [demonic
                  | ancestry]
     7 | D        | Reached XP level 5. HP: 52/63 MP: 5/5
     7 | D        | Reached XP level 6. HP: 59/71 MP: 6/6
     7 | D        | Reached XP level 7. HP: 64/77 MP: 7/7
     7 | D        | Gained mutation: You have large cloven feet. [demonic
                  | ancestry]
     7 | D        | Reached XP level 8. HP: 70/84 MP: 8/8
     7 | D        | Gained mutation: You have hoof-like feet. [demonic
                  | ancestry]
     7 | D        | Reached XP level 9. HP: 75/90 MP: 9/9
     7 | D        | Reached XP level 10. HP: 80/97 MP: 10/10
     7 | D        | Reached XP level 11. HP: 86/104 MP: 11/11
     8 | D        | Killed a bag of meat
     8 | D        | Reached * piety under Makhleb
     8 | D        | Reached skill level 15 in Axes
     8 | D        | Reached skill level 15 in Throwing
     8 | D        | Reached skill level 15 in Dodging
     8 | D        | Reached XP level 12. HP: 97/116 MP: 12/12
     8 | D        | Noticed a meat berserker
     9 | D        | Killed a bag of meat
     9 | D        | Gained mutation: You are mostly covered in rugged brown
                  | scales. (AC +2, +5% HP) [demonic ancestry]
     9 | D        | Reached XP level 13. HP: 100/128 MP: 13/13
     9 | D        | Killed a meat berserker
     9 | D        | Gained mutation: You may emit foul miasma when damaged in
                  | melee. [demonic ancestry]
     9 | D        | Reached XP level 14. HP: 142/142 MP: 14/14
     9 | D        | Killed a meat berserker
     9 | D        | Reached ** piety under Makhleb
     9 | D        | Reached XP level 15. HP: 153/153 MP: 15/15
    11 | D        | Gained mutation: A demonic guardian rushes to your aid.
                  | [demonic ancestry]
    11 | D        | Reached XP level 16. HP: 164/164 MP: 16/16
    13 | D        | Noticed a meat berserker
    13 | D        | Killed a meat berserker
    13 | D        | Reached *** piety under Makhleb
    16 | D        | Gained mutation: You have hooves in place of feet. [demonic
                  | ancestry]
    16 | D        | Reached XP level 17. HP: 177/177 MP: 17/17
    17 | D        | Noticed a meat berserker
    18 | D        | Noticed a meat berserker
    18 | D        | Noticed a meat berserker
    18 | D        | Noticed a large bag of meat
    21 | D        | Killed a meat berserker
    22 | D        | Killed a meat berserker
    22 | D        | Reached **** piety under Makhleb
    22 | D        | Reached skill level 27 in Fighting
    22 | D        | Gained mutation: Your flesh is heat resistant. (rF+)
                  | [demonic ancestry]
    22 | D        | Reached XP level 18. HP: 166/191 MP: 18/18
    23 | D        | Killed a meat berserker
    23 | D        | Reached skill level 27 in Axes
    23 | D        | Reached skill level 27 in Throwing
    23 | D        | Reached skill level 27 in Dodging
    24 | D        | Killed a meat berserker
    24 | D        | Reached skill level 27 in Invocations
    24 | D        | Gained mutation: You are immune to clouds of flame.
                  | [demonic ancestry]
    24 | D        | Reached XP level 19. HP: 198/198 MP: 18/36
    25 | D        | Noticed a destroyer
    25 | D        | Noticed a large bag of meat
    26 | D        | Reached ***** piety under Makhleb
    27 | D        | Noticed a destroyer
    28 | D        | Killed a large bag of meat
    28 | D        | Reached skill level 27 in Stealth
    28 | D        | Reached XP level 20. HP: 206/206 MP: 18/37
    28 | D        | Noticed a meat berserker
    30 | D        | Reached ****** piety under Makhleb
    30 | D        | Noticed a destroyer
    30 | D        | Noticed an eight-headed meat hydra
    31 | D        | Noticed a destroyer
    31 | D        | Noticed a destroyer
    31 | D        | Killed a destroyer
    31 | D        | Reached skill level 27 in Unarmed Combat
    31 | D        | Gained mutation: A powerful demonic guardian rushes to your
                  | aid. [demonic ancestry]
    31 | D        | Reached XP level 21. HP: 214/214 MP: 19/38
    32 | D        | Noticed a destroyer
    32 | D        | Killed a large bag of meat
    32 | D        | Noticed a destroyer
    33 | D        | Reached skill level 27 in Armour
    34 | D        | Killed a destroyer
    34 | D        | Reached XP level 22. HP: 168/222 MP: 20/47
    35 | D        | Killed a destroyer
    35 | D        | Reached skill level 27 in Spellcasting
    36 | D        | Killed a destroyer
    36 | D        | Gained mutation: You frequently emit foul miasma when
                  | damaged in melee. [demonic ancestry]
    36 | D        | Reached XP level 23. HP: 229/229 MP: 20/54
    38 | D        | Killed a destroyer
    40 | D        | Killed a destroyer
    41 | D        | Killed a destroyer
    41 | D        | Gained mutation: You are completely covered in rugged brown
                  | scales. (AC +3, +7% HP) [demonic ancestry]
    41 | D        | Reached XP level 24. HP: 229/242 MP: 21/54
    41 | D        | Noticed a destroyer
    41 | D        | Noticed a destroyer
    43 | D        | Noticed a destroyer
    45 | D        | Killed a destroyer
    45 | D        | Killed a destroyer
    45 | D        | Reached XP level 25. HP: 250/250 MP: 22/54
    45 | D        | Noticed a destroyer
    46 | D        | Noticed a destroyer
    48 | D        | Killed a destroyer
    49 | D        | Killed a destroyer
    50 | D        | Noticed a tyrant
    50 | D        | Gained mutation: You can hurl damnation. [demonic ancestry]
    50 | D        | Reached XP level 26. HP: 258/258 MP: 23/54
    50 | D        | Noticed an accursed
    51 | D        | Noticed a large bag of meat
    52 | D        | Noticed a large bag of meat
    52 | D        | Noticed a tyrant
    52 | D        | Noticed an accursed
    53 | D        | Killed an accursed
    55 | D        | Noticed a destroyer
    56 | D        | Reached XP level 27. HP: 140/266 MP: 25/54
    56 | D        | Killed a destroyer
    56 | D        | Noticed a destroyer
    56 | D        | Noticed a tyrant
    57 | D        | Killed a destroyer
    59 | D        | Noticed a tyrant
    59 | D        | Noticed a destroyer
    60 | D        | Noticed a meat beast
    60 | D        | Noticed a meat beast
    60 | D        | Noticed The Captor
    61 | D        | Noticed The Servant
    62 | D        | Noticed a meat beast
    63 | D        | Killed a large bag of meat
    63 | D        | Killed a tyrant
    63 | D        | Noticed a tyrant
    65 | D        | Killed a meat beast
    65 | D        | Killed a tyrant
    65 | D        | Noticed a meat beast
    66 | D        | Killed a tyrant
    66 | D        | Killed a meat beast
    66 | D        | Killed a destroyer
    67 | D        | Noticed a tyrant
    68 | D        | Killed a large bag of meat
    68 | D        | Killed a meat beast
    68 | D        | Noticed a meat beast
    70 | D        | Killed The Captor
    70 | D        | Noticed a tyrant
    71 | D        | Killed a destroyer
    71 | D        | Killed a meat beast
    72 | D        | Noticed a dread
    73 | D        | Noticed a meat beast
    73 | D        | Killed a meat beast
    73 | D        | Noticed a tyrant
    74 | D        | Killed a tyrant
    74 | D        | Mangled by The Servant

Levels and vault maps discovered:
D:        meatsprint

Skill      XL: |  1  2  3  4  5  6  7  8  9 10 11 12 13 14 15 16 17 18 19 20 21 22 |
---------------+-------------------------------------------------------------------+-----
Fighting       | 14 16 18 20 22 23 25 27 | 27.0
Axes           | 13 15 17 19 20 22 23 26 27 | 27.0
Throwing       | 13 15 16 18 20 21 23 26 27 | 27.0
Dodging        | 13 15 17 19 20 22 23 26 27 | 27.0
Invocations    | 27 | 27.0
Stealth        | 16 27 | 27.0
Unarmed Combat | 16 27 | 27.0
Armour         | 17 27 | 27.0
Spellcasting   | 21 27 | 27.0

Action                   |  1- 3 |  4- 6 |  7- 9 | 10-12 | 13-15 | 16-18 | 19-21 | 22-24 | 25-27 || total
-------------------------+-------+-------+-------+-------+-------+-------+-------+-------+-------++-------
Melee: Executioner's axe |     1 |       |       |     2 |     2 |     6 |     9 |    11 |    25 ||    56
Armor: Leather armour    |       |       |       |     1 |       |       |       |       |     2 ||     3
Dodge: Dodged            |       |       |       |       |       |     2 |       |       |     9 ||    11
